 Dungeon Crawl Stone Soup version 0.30-a0-1160-g6e42c06551 (webtiles) character file.

Game seed: 16519542649758619228

2891 Malachi the Covered (level 9, -33/80 HPs)
             Began as an Armataur Fighter on Apr 27, 2023.
             Was a Follower of Uskayaw.
             Annihilated by Erolcha
             ... wielding a +0 giant spiked club
              (38 damage)
             ... on level 9 of the Dungeon.
             The game lasted 00:11:10 (7121 turns).

Malachi the Covered (Armataur Fighter)              Turns: 7121, Time: 00:11:10

Health: -33/80     AC: 15    Str: 26    XL:     9   Next: 48%
Magic:  11/11      EV:  6    Int: 12    God:    Uskayaw [*.....]
Gold:   203        SH: 10    Dex: 10    Spells: 8/8 levels left

rFire   . . .        g - +10 mace "Efitat" {elec, Int+4}
rCold   . . .        c - +0 buckler
rNeg    . . .        n - +0 chain mail
rPois   .            (no helmet)
rElec   .            (no cloak)
rCorr   .            x - +0 pair of gloves
SInv    .            (no barding)
Will    .....        h - amulet of reflection Stlth
                     w - +4 ring of protection
HPRegen 0.33/turn    (no ring)
MPRegen 0.12/turn

%: reflection, roll
@: no status effects
A: large, rugged brown scales 3, deformed body, armoured tail, roll, long
tongue, awkward tongue
a: Renounce Religion, Stomp


You were on level 9 of the Dungeon.
You worshipped Uskayaw.
Uskayaw was noncommittal.
You visited 1 branch of the dungeon, and saw 8 of its levels.
You also visited: Sewer.

You collected 203 gold pieces.

Inventory:

Hand Weapons
 g - the +10 mace "Efitat" (weapon) {elec, Int+4}
   (You found it on level 3 of the Dungeon)

   Int:       It affects your intelligence (+4).
Missiles
 F - 2 throwing nets (quivered)
Armour
 c - a +0 buckler (worn)
 n - a +0 chain mail (worn)
 x - a +0 pair of gloves (worn)
 z - an orb of wrath
Jewellery
 f - an amulet of the acrobat
 h - an amulet of reflection (around neck)
 t - a ring of magical power
 w - a +4 ring of protection (left hand)
Wands
 b - a wand of charming (8)
 u - a wand of mindburst (31)
Scrolls
 a - a scroll of identify
 k - a scroll of vulnerability
 l - 2 scrolls of blinking
 m - a scroll of summoning
 o - a scroll of enchant weapon
 p - 5 scrolls of fear
 v - 3 scrolls of poison
 y - 3 scrolls of teleportation
Potions
 d - 4 potions of might
 e - a potion of mutation
 i - a potion of heal wounds
 j - 3 potions of curing
 q - a potion of haste
 r - a potion of berserk rage
 s - a potion of magic {unknown}
 B - 2 potions of brilliance {unknown}
 C - a potion of lignification {unknown}


   Skills:
 - Level 6.0 Fighting
 + Level 6.8 Maces & Flails
 - Level 7.9 Armour
 - Level 7.2 Shields
 + Level 3.9 Invocations


You had 8 spell levels left.
You didn't know any spells.
Your spell library contained the following spells:

 Spells                   Type           Power      Damage    Failure   Level
 Foxfire                  Conj/Fire      0%         2x1d4     85%         1
 Fireball                 Conj/Fire      0%         3d3       100%        5
 Plasma Beam              Fire/Air       0%         2x1d11    100%        6
 Starburst                Conj/Fire      0%         6d3       100%        6


Dungeon Overview and Level Annotations

Branches:
Dungeon (7/15)             Temple (0/1) D:5           Sewer (visited)

Altars:
Ashenzari
Dithmenos
Elyvilon
Kikubaaqudgha
Makhleb
Okawaru
Ru
Sif Muna
Uskayaw
Vehumet

Annotations:
D:9 Erolcha


Innate Abilities, Weirdness & Mutations

You are completely covered in rugged brown scales. (AC +3, +7% HP)
Armour fits poorly on your strangely shaped body.
You have a long armoured tail.
You roll when moving toward enemies. (Rampage)
Your long tongue fully drains potion bottles. (2x potion effects)
Your tongue gives you trouble enunciating. (1.5x scroll delay)


Message History

You roll towards the orc wizard!
The orc priest shouts!
You sock the orc wizard!
You kill the orc wizard!
You hear a shout!
You hear a howl!
You hear a shout!
The orc warrior hits you with a +0 glaive!
The gnoll hits you from afar with a +0 halberd!
The orc priest calls down the wrath of Beogh upon you.
Beogh smites you!
An orc comes into view. It is wielding a +0 club.
Uskayaw will force your foes to helplessly watch your dance.
Uskayaw prepares the audience for your solo!
You see here a +0 halberd.
The orc is no longer paralysed.
Things that are here:
a +0 club; a gnoll corpse
Found a scroll labelled WIESADDOQO.
An orc wizard comes into view. It is wielding a +0 dagger.
The orc wizard shouts!
You hear a shout! x2
An orc comes into view. It is wielding a +0 club.
The orc wizard casts a spell.
The orc wizard flickers and vanishes!
Deactivating autopickup; reactivate with Ctrl-A.
You hear an angry hiss.
You can no longer pass through a line of other dancers.
You see here a scroll labelled WIESADDOQO.
Unknown command.
An orc comes into view. It is wielding a +0 trident.
The orc shouts!
You roll towards the orc!
You thump the orc!
You kill the orc!
Erolcha the Cunning comes into view.
She is wielding a +0 giant spiked club.
Things that are here:
a +0 trident; an orc corpse Erolcha casts a spell.
Erolcha flickers and vanishes!
Something hits you!!
* * * LOW HITPOINT WARNING * * *
Something hits you!!!
You die...

##...###.# #..o.o...#.
#..g####.#.######.#
#o♣.# #.#...o.o.go #.♣o#
#)# #.# #)♣.# #o###.#
#o♣.# #.g.g.### #...#
###)....# #.@.# #.#.#o#
.......#...........o...
##.###.#.######.#.#.#..#
#.#.# #.....#... ..#..
....### ## #...# ###.#
#...# .. #. .# ..


You could see an orc warrior, a gnoll and 3 orcs.

Vanquished Creatures
  6 yaks (D:5)
  A water moccasin (D:6)
  Duvessa (D:7)
  An ice beast (D:6)
  A sky beast (D:6)
  An ogre (D:5)
  A centaur (D:5)
  A phantom (D:4)
  A gnoll sergeant (D:9)
  3 scorpions
  3 wights (D:7)
  Dowan (D:7)
  2 howler monkeys (D:5)
  A vampire bat (D:3)
  3 hounds (D:5)
  2 orc priests
  2 jellies
  A gnoll bouda (D:4)
  4 iguanas
  6 orc wizards
  12 adders
  6 gnolls
  2 river rats (Sewer)
  An ufetubus (D:4)
  2 worms (D:2)
  3 dart slugs
  25 orcs
  11 ball pythons
  3 bat skeletons (D:3)
  A bat zombie (D:3)
  13 endoplasms
  8 giant cockroaches
  11 goblins
  14 hobgoblins
  2 jackals (D:3)
  7 quokkas
  9 bats
  A frilled lizard (D:1)
  14 kobolds
  6 rats
193 creatures vanquished.

Notes
Turn   | Place    | Note
-------+----------+-------------------------------------------
     0 | D:1      | Malachi the Armataur Fighter began the quest for the Orb.
     0 | D:1      | Reached XP level 1. HP: 19/19 MP: 1/1
    27 | D:1      | Found a faded altar of an unknown god.
    35 | D:1      | Prayed at the altar of an unknown god.
    35 | D:1      | Became a worshipper of Uskayaw the Reveller
    35 | D:1      | Reached * piety under Uskayaw
   137 | D:1      | Reached ** piety under Uskayaw
   138 | D:1      | Reached XP level 2. HP: 18/26 MP: 2/2
   420 | D:1      | Reached XP level 3. HP: 33/33 MP: 3/3
   996 | D:2      | Reached *** piety under Uskayaw
   998 | D:2      | Reached XP level 4. HP: 31/40 MP: 4/4
  1116 | D:2      | Found a broken altar of Ashenzari.
  1767 | D:3      | Reached XP level 5. HP: 47/48 MP: 5/5
  1771 | D:3      | Reached **** piety under Uskayaw
  1885 | D:3      | Reached skill level 5 in Armour
  1973 | D:3      | Found an iron altar of Okawaru.
  2088 | D:3      | Identified the +10 mace "Efitat" {elec, Int+4}
  2435 | D:3      | Found an ancient bone altar of Kikubaaqudgha.
  2446 | D:3      | Reached XP level 6. HP: 52/55 MP: 6/6
  2730 | D:4      | Found a glowing drain.
  2751 | Sewer    | Entered a sewer
  2931 | Sewer    | Reached skill level 5 in Shields
  3764 | D:4      | Found a sacrificial altar of Ru.
  3774 | D:4      | Reached XP level 7. HP: 64/64 MP: 7/7
  3806 | D:4      | Found a burning altar of Makhleb.
  4605 | D:5      | Entered Level 5 of the Dungeon
  5032 | D:5      | Found a white marble altar of Elyvilon.
  5049 | D:5      | Reached skill level 5 in Fighting
  5116 | D:5      | Found a shadowy altar of Dithmenos.
  5116 | D:5      | Found a radiant altar of Vehumet.
  5148 | D:5      | Reached XP level 8. HP: 72/72 MP: 8/8
  5148 | D:5      | Found a staircase to the Ecumenical Temple.
  5171 | D:5      | Reached ***** piety under Uskayaw
  5180 | D:5      | Reached ****** piety under Uskayaw
  5182 | D:5      | Reached skill level 5 in Maces & Flails
  5198 | D:5      | Reached XP level 9. HP: 28/80 MP: 2/9
  5831 | D:6      | Reached skill level 1 in Invocations
  6700 | D:7      | Found a shimmering blue altar of Sif Muna.
  6745 | D:7      | Noticed Duvessa
  6745 | D:7      | Noticed Dowan
  6751 | D:7      | Killed Duvessa
  6753 | D:7      | Killed Dowan
  7076 | D:7      | You fall into a shaft and drop 2 floors!
  7117 | D:9      | Noticed Erolcha
  7121 | D:9      | Annihilated by Erolcha

Illustrated notes

Levels and vault maps discovered:
D:1:      wander_arrival_peaceful_grave, layout_loops_ring,
          hellmonk_ecumenical_altar_run_dry, fountainhead
D:2:      minmay_alternating_diamond, layout_basic, basic_altar,
          skrybe_limestone_x, kennysheep_generic_room_10
D:3:      layout_loops_ring, mainiacjoe_overflow_six_doors_small,
          kennysheep_vampire_church
D:4:      layout_loops_ring, nicolae_overflow_hidden_temple,
          nicolae_ru_great_annihilating_truth, gup_sewer_entry_pipe
D:5:      layout_loops_ring, mainiacjoe_overflow_catwalk,
          gammafunk_temple_overflow_elements, minmay_temple_entry_overgrown
D:6:      layout_basic
D:7:      layout_basic, mainiacjoe_overflow_alcove_4, serial_shops,
          nicolae_lakefront_shop, uniq_duvessa
D:9:      layout_loops_ring, pdpol_wu_jian_five_deadly_venoms,
          mainiacjoe_overflow_boulevard, orc_david_3, uniq_maurice, uniq_erolcha

Skill      XL: |  1  2  3  4  5  6  7  8  9 |
---------------+----------------------------+-----
Maces & Flails | 2 3 4 5 6 |  6.8
Armour         | 4 5 6 7 |  7.9
Fighting       | 3 4 5 6 |  6.0
Shields        | 4 5 6 7 |  7.2
Invocations    | 3 |  3.9

Action                     |  1- 3 |  4- 6 |  7- 9 || total
---------------------------+-------+-------+-------++-------
  Melee: Flail             |   114 |   292 |    30 ||   436
         Tailslap          |    15 |    28 |    20 ||    63
         Mace              |       |       |   122 ||   122
 Invoke: Stomp             |       |     1 |     1 ||     2
         Line Pass         |       |       |     1 ||     1
    Use: Scroll            |       |     1 |    14 ||    15
         Potion            |       |       |     2 ||     2
   Stab: Paralysed         |     1 |     1 |     7 ||     9
 Armour: Scale mail        |    43 |   149 |    35 ||   227
         Chain mail        |       |       |     6 ||     6
  Dodge: Dodged            |    28 |    95 |    36 ||   159
  Block: Buckler           |    56 |    89 |    58 ||   203
         Orb               |       |    32 |     7 ||    39
         Other             |       |     1 |       ||     1

Table legend: (Time is in decaauts)
 A = Elapsed time spent in this place.
 B = Non-inter-level travel time spent in this place.
 C = Inter-level travel time spent in this place.
 D = Time resting spent in this place.
 E = Time spent auto-exploring this place.
 F = Levels seen in this place.
 G = Mean time per level.
                   A        B        C        D        E       F      G
               +--------+--------+--------+--------+--------+-----+--------+
         Total |   7338 |   6751 |    587 |   1173 |   4210 |   9 |  815.3 |
       Dungeon |   6684 |   6097 |    587 |    828 |   4062 |   8 |  835.5 |
         Sewer |    653 |    653 |      0 |    345 |    147 |   1 |  653.0 |
               +--------+--------+--------+--------+--------+-----+--------+

Top non-repeatable levels by time:
     D:4: 1559 daAuts
     D:6: 1135 daAuts
     D:5: 1009 daAuts
     D:2: 1002 daAuts
     D:3: 933 daAuts
     D:1: 792 daAuts
   Sewer: 653 daAuts
     D:7: 206 daAuts
     D:9: 45 daAuts
